 Dungeon Crawl Stone Soup version 0.28.0-53-g5a82cb258f (webtiles) character file.

Game seed: 6763607556729139584

251 Zeld the Conjurer (level 5, -6/38 HPs)
             Began as a Draconian Conjurer on June 14, 2022.
             Mangled by an orc warrior
             ... wielding a +10 flail
              (25 damage)
             ... on level 4 of the Dungeon.
             The game lasted 00:03:10 (2699 turns).

Zeld the Conjurer (Draconian Conjurer)              Turns: 2699, Time: 00:03:11

Health: -6/38      AC:  5    Str:  9    XL:     5   Next: 88%
Magic:  10/10      EV: 12    Int: 21    God:
Gold:   42         SH:  0    Dex:  9    Spells: 4/11 levels left

rFire   . . .      SeeInvis .   f - +1 falchion (elec)
rCold   . . .      Faith    .   (no shield)
rNeg    . . .      Spirit   .   (armour unavailable)
rPois   .          Reflect  .   (helmet restricted)
rElec   .          Harm     .   (no cloak)
rCorr   .          Rampage  .   (no gloves)
Will    .....                   (no boots)
Stlth   ++........              (no amulet)
HPRegen 0.12/turn               (no ring)
MPRegen 0.12/turn               (no ring)

@: no status effects
A: AC +5, unfitting armour, cold-blooded
a: no special abilities


You were on level 4 of the Dungeon.
You visited 1 branch of the dungeon, and saw 4 of its levels.

You collected 42 gold pieces.

Inventory:

Hand Weapons
 f - a +1 falchion of electrocution (weapon)
Jewellery
 a - an amulet of regeneration
Scrolls
 c - a scroll of teleportation {unknown}
 g - a scroll of magic mapping {unknown}
 h - a scroll of brand weapon {unknown}
Potions
 b - a potion of invisibility {unknown}
 d - a potion of might {unknown}
 e - a potion of resistance {unknown}


   Skills:
 - Level 1.7 Dodging
 - Level 1.7 Stealth
 + Level 3.6 Spellcasting
 + Level 5.3 Conjurations
 - Level 2.0 Hexes
 - Level 2.0 Translocations


You had 4 spell levels left.
You knew the following spells:

 Your Spells              Type           Power      Damage    Failure   Level
a - Magic Dart            Conj           100%       1d8       1%          1
b - Searing Ray           Conj           52%        2d6       2%          2
c - Fulminant Prism       Conj/Hex       9%         3d7       28%         4

Your spell library contained the following spells:

 Spells                   Type           Power      Damage    Failure   Level
 Dazzling Flash           Conj/Hex       38%        N/A       9%          3
 Mephitic Cloud           Conj/Pois/Air  11%        N/A       19%         3
 Iskenderun's Mystic Bla  Conj/Tloc      19%        2d6       28%         4
 Ignite Poison            Fire/Tmut/Pois 3%         N/A       36%         3
 Freezing Cloud           Conj/Ice/Air   5%         6-21      86%         5


Dungeon Overview and Level Annotations

Branches:
Dungeon (4/15)
 Temple: D:4-7

Altars:
Dithmenos
Hepliaklqana


Innate Abilities, Weirdness & Mutations

Your plain brown scales are hard. (AC +5)
You cannot fit into any form of body armour.
You are cold-blooded and may be slowed by cold attacks.


Message History

You can't see any susceptible monsters within range! (Use Z to cast anyway.)
You start resting.
You hear the rusting of a very distant drain.
You start resting.
You see here a necrophage corpse.
Found a bubbling inky potion.
You start resting.
Found a viscous amethyst potion.
You start resting.
You hear the brisk rusting of a very distant drain.
You open the door.
There is an open door here.
You start resting.
You hear the brisk rusting of a very distant drain.
Found a stone staircase leading down.
Found a scroll labelled BUCEOMI MOGE.
As you open the door, it creaks loudly!
Found a fuming ruby potion and a viscous amethyst potion.
There is an open door here.
You hear the brisk rusting of a very distant drain.
Found a scroll labelled FOIPLE MOALI.
h - a scroll labelled FOIPLE MOALI An orc warrior comes into view.
It is wielding a +10 flail.
Found a hazy altar of Hepliaklqana.
Found a faded altar of an unknown god.
The orc warrior shouts!
You hear the quick rusting of a very distant drain.
You open the door.
There is an open door here.
The orc warrior barely misses you.
You open the door.
The orc warrior hits you with a +10 flail!!
Ouch! That really hurt!
There is an open door here.
An endoplasm comes into view.
The helpless endoplasm fails to defend itself.
You hit the endoplasm but do no damage.
The orc warrior hits you with a +10 flail!!
Ouch! That really hurt!
You die...

##########
#........#
#.######.#
#.# #.# #o#
#.# #@# #.#
#J#
####'#######
#.#
#..........#
#.#
#..........#
#.#
#..........#
. #.#
#..........#
#.# #.#
#..........#
.#.#. #.#
####.#######
.....##.#
###'#########


You could see an orc warrior and an endoplasm.

Vanquished Creatures
  A necrophage (D:4)
  2 orc wizards
  6 gnolls
  2 adders
  2 worms
  An orc (D:4)
  3 endoplasms (D:1)
  A giant cockroach (D:2)
  4 hobgoblins
  4 jackals (D:2)
  4 kobolds
  A quokka (D:2)
  4 ball pythons
  2 frilled lizards (D:1)
  2 goblins
39 creatures vanquished.

Vanquished Creatures (others)
  An orc (D:3)
  3 plants (D:1)
4 creatures vanquished.

Grand Total: 43 creatures vanquished

Notes
Turn   | Place    | Note
-------+----------+-------------------------------------------
     0 | D:1      | Zeld the Draconian Conjurer began the quest for the Orb.
     0 | D:1      | Reached XP level 1. HP: 14/14 MP: 3/3
   442 | D:1      | Reached XP level 2. HP: 20/20 MP: 3/5
   451 | D:1      | Learned a level 2 spell: Searing Ray
   686 | D:2      | Reached skill level 1 in Hexes
   686 | D:2      | Reached skill level 1 in Translocations
   920 | D:2      | Reached XP level 3. HP: 19/26 MP: 0/6
  1303 | D:2      | Reached XP level 4. HP: 28/33 MP: 3/7
  1308 | D:2      | Learned a level 4 spell: Fulminant Prism
  1426 | D:2      | Found a shadowy altar of Dithmenos.
  1762 | D:3      | Noticed a scorpion
  2353 | D:3      | Reached XP level 5. HP: 37/38 MP: 1/9
  2448 | D:4      | Noticed a necrophage
  2453 | D:4      | Killed a necrophage
  2454 | D:4      | Reached skill level 5 in Conjurations
  2634 | D:4      | Found a hazy altar of Hepliaklqana.
  2634 | D:4      | Noticed an orc warrior
  2635 | D:4      | Found a faded altar of an unknown god.
  2699 | D:4      | Mangled by an orc warrior

Illustrated notes

Levels and vault maps discovered:
D:1:      lemuel_arrival_funnel, layout_basic, serial_forest,
          infiniplex_forest_clump_diagonal, infiniplex_forest_lined_2,
          infiniplex_forest_clump_tiny, infiniplex_forest_clump_long,
          infiniplex_forest_split, infiniplex_forest_clump_diagonal,
          infiniplex_forest_clump_tiny, infiniplex_forest_clump_long
D:2:      layout_loops_ring, basic_altar
D:3:      layout_basic, nicolae_tso_swordbearing_angel, kennysheep_another_room,
          kennysheep_minor_cross, chequers_jeans, minmay_divided_ellipse,
          uniq_crazy_yiuf_cottage, uniq_terence, uniq_ijyb
D:4:      layout_basic, marbit_many_paths, beargit_hepliaklqana_dungeon_heroes,
          nicolae_wu_jian_immortal_techniques, portal_sewer_entry_e,
          minmay_misc_feat_encased

Skill      XL: |  1  2  3  4  5 |
---------------+----------------+-----
Hexes          | 1 2 |  2.0
Translocations | 1 2 |  2.0
Spellcasting   | 3 |  3.6
Conjurations   | 5 |  5.3
Dodging        | |  1.7
Stealth        | |  1.7

Action                   |  1- 3 |  4- 6 || total
-------------------------+-------+-------++-------
Melee: Unarmed           |    10 |    14 ||    24
       Tailslap          |     2 |       ||     2
       Punch             |     1 |     1 ||     2
       Falchion          |       |     7 ||     7
 Cast: Magic Dart        |    35 |     2 ||    37
       Searing Ray       |     4 |    14 ||    18
 Stab: Sleeping          |       |     1 ||     1
Armor: Skin              |    16 |    12 ||    28
Dodge: Dodged            |    28 |    27 ||    55
